 Dungeon Crawl Stone Soup version 0.23.0-3-gf3c87f2 (webtiles) character file.

Game seed: 12285740347072266328

595 varaam the Covert (level 7, -6/41 HPs)
             Began as a Halfling Enchanter on Feb 20, 2019.
             Was an Initiate of Nemelex Xobeh.
             Killed from afar by Dowan (14 damage)
             ... with a stone arrow
             ... on level 5 of the Dungeon.
             The game lasted 00:28:15 (5983 turns).

varaam the Covert (Halfling Enchanter)              Turns: 5983, Time: 00:28:16

Health: -6/41      AC:  4    Str:  9    XL:     7   Next: 67%
Magic:  2/9        EV: 15    Int: 15    God:    Nemelex Xobeh [......]
Gold:   210        SH:  0    Dex: 15    Spells: 3/9 levels left

rFire    . . .     SeeInvis .   m - +2 dagger (protect)
rCold    + . .     Gourm    .   (shield restricted)
rNeg     . . .     Faith    .   b - +0 robe
rPois    .         Spirit   .   y - +0 helmet
rElec    .         Reflect  .   (no cloak)
rCorr    .         Harm     .   r - +0 pair of gloves
MR       .....                  (no boots)
Stlth    ++++......             (no amulet)
HPRegen  0.13/turn              I - ring of protection from cold
MPRegen  0.11/turn              (no ring)

@: no status effects
A: small, mutation resistance 1
a: Draw Escape, Draw Destruction, Draw Summoning, Renounce Religion


You were on level 5 of the Dungeon.
You worshipped Nemelex Xobeh.
Nemelex Xobeh was noncommittal.
You were not hungry.

You visited 1 branch of the dungeon, and saw 5 of its levels.

You collected 210 gold pieces.

Inventory:

Hand Weapons
 m - a +2 dagger of protection (weapon)
 n - a +1 vampiric dagger {!w}
 p - a +0 hunting sling of freezing
 q - a +0 rapier
Missiles
 a - 15 sling bullets
 k - 36 poisoned needles
 Q - 48 stones (quivered)
Armour
 b - a +0 robe (worn)
 r - a +0 pair of gloves (worn)
 y - a +0 helmet (worn)
Jewellery
 I - a ring of protection from cold (left hand)
Wands
 u - a wand of iceblast (4)
Scrolls
 c - 3 scrolls of remove curse
 f - a scroll of enchant armour {unknown}
 g - 2 scrolls of amnesia
 h - 2 scrolls of teleportation {unknown}
 o - 3 scrolls of enchant weapon
 x - a scroll of magic mapping {unknown}
Potions
 e - 2 potions of haste {unknown}
 j - a potion of resistance {unknown}
 l - 3 potions of curing
 s - a potion of invisibility
 t - a potion of agility
 v - a potion of brilliance {unknown}
 w - a potion of berserk rage {unknown}
Comestibles
 d - 6 rations
 i - a chunk of flesh


   Skills:
 - Level 5.0 Short Blades
 - Level 2.1 Dodging
 - Level 8.0 Stealth
 - Level 1.5 Spellcasting
 + Level 2.7 Hexes
 + Level 1.2 Ice Magic


You had 3 spell levels left.
You knew the following spells:

 Your Spells              Type           Power        Failure   Level  Hunger
a - Ensorcelled Hibernat  Hex/Ice        #.....       16%         2    ###....
c - Confuse               Hex            #.......     22%         3    ####...
v - Corona                Hex            #......      8%          1    ##.....

Your spell library contained the following spells:

 Spells                   Type           Power        Failure   Level  Hunger
 Tukima's Dance           Hex            #.......     22%         3    ####...
 Dazzling Spray           Conj/Hex       #.....       36%         3    ####...


Dungeon Overview and Level Annotations

Branches:
Dungeon (5/15)
 Temple: D:4-7

Altars:
Nemelex Xobeh
Vehumet

Annotations:
D:5 Dowan


Innate Abilities, Weirdness & Mutations

You are small and have problems with some larger weapons.
You are somewhat resistant to further mutation.


Message History

The centaur zombie partially resists.
The iceblast engulfs Dowan!
The centaur zombie hits you.
* * * LOW HITPOINT WARNING * * *
Dowan casts a spell.
Dowan blinks!
You take 2 damage, and have 7/41 hp.
Aim: Dowan, wielding a +0 dagger of protection and wearing a +0 robe (severely wounded, fast)
The mass of ice explodes!
The iceblast engulfs Dowan!
The centaur zombie closely misses you.
Dowan gestures wildly while chanting.
Dowan blinks!
You can't see any susceptible monsters within range! (Use Z to cast anyway.) Unknown command.
You don't have enough magic to cast that spell.
Okay, then.
Okay, then.
Dowan points at you and mumbles some strange words.
The stone arrow hits you!
You die...
Your body disappears without a glow.

#. #### ##.##...#
####.......# ###
##.##.......###.###
##...###...##.#.....
#.....e#..#......#..
##.Z@#..#...........#
##..####........#....#
#..###..............##
##..##...##...........#
##...###................
#.....#............<....
#....####...............
##.#.#.#........#.......
#..#...........##..###..


You could see Dowan and a centaur zombie.

Levels and vault maps discovered:
D:1:      onia_arrival_pentagram, layout_basic, chequers_serial_rivers_micro_e
D:2:      layout_loops_ring, nicolae_overflow_crystal_walls
D:3:      layout_loops_ring, chequers_ecumenical_altar_grove
D:4:      layout_rooms, nemelex_xobeh_ov_fountains_minmay
D:5:      layout_cave_pools, first_ration, tso_metal_star, uniq_duvessa

Notes
Turn   | Place    | Note
-------+----------+-------------------------------------------
     0 | D:1      | varaam the Halfling Enchanter began the quest for the Orb.
     0 | D:1      | Reached XP level 1. HP: 11/11 MP: 3/3
    29 | D:1      | Identified a +0 whip
    31 | D:1      | Identified a +0 dagger
    91 | D:1      | Reached XP level 2. HP: 8/17 MP: 0/4
    92 | D:1      | Identified a +0 short sword
   117 | D:1      | Reached skill level 2 in Short Blades
   322 | D:1      | Identified a +0 club
   434 | D:1      | Identified a +0 club
   435 | D:1      | Identified a +0 club
   627 | D:1      | Identified a cursed -2 club
   634 | D:1      | Reached skill level 4 in Stealth
   662 | D:1      | Identified a +0 club
   669 | D:1      | Reached XP level 3. HP: 21/21 MP: 5/5
   690 | D:1      | Identified a +0 club
   702 | D:1      | Learned a level 2 spell: Ensorcelled Hibernation
   925 | D:1      | Identified a +0 club
  1082 | D:1      | Identified a +0 club
  1411 | D:2      | Reached skill level 3 in Short Blades
  1541 | D:2      | Identified a +0 dagger
  1544 | D:2      | Reached XP level 4. HP: 27/27 MP: 3/6
  1553 | D:2      | Identified a +0 dagger
  1631 | D:2      | Found a radiant altar of Vehumet.
  1788 | D:2      | Identified a +0 hunting sling (You found it on level 1 of
                  | the Dungeon)
  1800 | D:2      | Identified a +0 hunting sling of freezing
  1835 | D:2      | Identified a +1 dagger
  2034 | D:2      | Identified a +0 club
  2043 | D:2      | Identified a +0 rapier (You found it on level 2 of the
                  | Dungeon)
  2050 | D:2      | Identified a +0 long sword
  2138 | D:2      | Identified a +0 short sword
  2248 | D:2      | Identified a +0 pair of gloves (You found it on level 2 of
                  | the Dungeon)
  2248 | D:2      | Identified a ring of intelligence (You found it on level 2
                  | of the Dungeon)
  2249 | D:2      | Identified 5 scrolls of remove curse
  2662 | D:3      | Identified a +0 mace
  2662 | D:3      | Identified a +0 leather armour
  2667 | D:3      | Reached skill level 5 in Stealth
  2667 | D:3      | Reached XP level 5. HP: 31/31 MP: 7/7
  2763 | D:3      | Identified a +0 short sword
  2763 | D:3      | Identified a +0 leather armour
  2765 | D:3      | Identified a +0 short sword
  2809 | D:3      | Identified a +0 club
  2857 | D:3      | Identified a +0 robe
  2859 | D:3      | Identified 4 scrolls of identify
  2859 | D:3      | Identified a potion of degeneration
  2860 | D:3      | Identified 2 potions of curing
  2861 | D:3      | Identified 3 scrolls of enchant weapon
  2862 | D:3      | Identified 2 scrolls of amnesia
  2910 | D:3      | Identified a ring of protection from cold (You found it on
                  | level 3 of the Dungeon)
  3137 | D:3      | Identified a +2 dagger of protection
  3141 | D:3      | Identified a +0 dagger
  3144 | D:3      | Identified a +0 hand axe
  3144 | D:3      | Identified a +0 scale mail
  3159 | D:3      | Identified a +1 vampiric dagger
  3159 | D:3      | Identified a +0 robe
  3162 | D:3      | Identified a +0 flail
  3162 | D:3      | Identified a +0 ring mail
  3191 | D:3      | Reached skill level 4 in Short Blades
  3350 | D:3      | Identified a +0 dagger
  3350 | D:3      | Identified a +0 robe
  3350 | D:3      | Identified a +0 dagger
  3397 | D:3      | Identified a +0 trident
  3397 | D:3      | Identified a +0 leather armour
  3405 | D:3      | Identified a +0 dagger
  3406 | D:3      | Identified a +0 dagger
  3406 | D:3      | Identified a +1 scale mail of cold resistance
  3479 | D:3      | Identified a +0 hand axe
  3479 | D:3      | Identified a +0 leather armour
  3490 | D:3      | Reached XP level 6. HP: 18/36 MP: 1/8
  3709 | D:3      | Reached skill level 6 in Stealth
  3716 | D:3      | Identified a +0 trident
  4080 | D:3      | Found a faded altar of an unknown god.
  4170 | D:4      | Identified a +0 flail
  4170 | D:4      | Identified a +0 leather armour
  4178 | D:4      | Found a sparkling altar of Nemelex Xobeh.
  4258 | D:4      | Identified 2 scrolls of random uselessness
  4259 | D:4      | Identified a potion of agility
  4260 | D:4      | Identified a potion of invisibility
  4441 | D:4      | Became a worshipper of Nemelex Xobeh the Trickster
  4542 | D:4      | Received a gift from Nemelex Xobeh
  4623 | D:4      | Identified a +0 mace
  4796 | D:4      | HP: 8/36 [iguana (9)]
  4822 | D:4      | Reached skill level 5 in Short Blades
  4890 | D:3      | Identified a +0 hand axe
  4890 | D:3      | Identified a cursed +0 scale mail
  5047 | D:3      | Reached skill level 7 in Stealth
  5047 | D:3      | Reached XP level 7. HP: 13/41 MP: 0/9
  5463 | D:4      | Identified a cursed -1 hand crossbow (You found it on level
                  | 4 of the Dungeon)
  5550 | D:5      | Entered Level 5 of the Dungeon
  5563 | D:5      | Identified a +0 dagger of protection
  5563 | D:5      | Identified a +0 robe
  5563 | D:5      | Noticed Dowan
  5566 | D:5      | Identified a +0 short sword
  5566 | D:5      | Identified a +0 leather armour
  5566 | D:5      | Noticed Duvessa
  5580 | D:4      | Learned a level 3 spell: Confuse
  5600 | D:5      | Identified a +0 club
  5900 | D:5      | Identified a +0 flail
  5902 | D:5      | Identified a +0 dagger
  5902 | D:5      | Identified a +0 robe
  5932 | D:5      | Identified a +0 helmet (You found it on level 5 of the
                  | Dungeon)
  5965 | D:5      | HP: 10/41 [Duvessa/+0 short sword (3)]
  5969 | D:5      | Killed Duvessa
  5969 | D:5      | Reached skill level 8 in Stealth
  5969 | D:5      | Reached skill level 1 in Ice Magic
  5973 | D:5      | HP: 9/41 [centaur zombie (2)]
  5980 | D:5      | HP: 7/41 [centaur zombie (2)]
  5983 | D:5      | Killed from afar by Dowan

Table legend:
 A = Turns spent in this place as a percentage of turns spent in the entire game.
 B = Non-inter-level travel turns spent in this place as a percentage of non-inter-level travel turns spent in the entire game.
 C = Inter-level travel turns spent in this place as a percentage of turns spent in this place.
 D = Turns resting spent in this place as a percentage of non-inter-level travel turns spent in this place.
 E = Turns spent auto-exploring this place as a percentage of non-inter-level travel turns spent in this place.
 F = Non-inter-level travel turns spent in this place divided by the number of levels of this place that you've seen.
                   A       B       C       D       E      F
               +-------+-------+-------+-------+-------+----------------------
         Total | 100.0 | 100.0 |   4.0 |   5.5 |  61.5 | 1149.0
       Dungeon | 100.0 | 100.0 |   4.0 |   5.5 |  61.5 | 1149.0
               +-------+-------+-------+-------+-------+----------------------

Table legend:
 A = Kills in this place as a percentage of kills in entire the game.
 B = Kills by you in this place as a percentage of kills by you in the entire game.
 C = Kills by friends in this place as a percentage of kills by friends in the entire game.
 D = Other kills in this place as a percentage of other kills in the entire game.
 E = Experience gained in this place as a percentage of experience gained in the entire game.
 F = Experience gained in this place divided by the number of levels of this place that you have seen.
                   A       B       C       D       E      F
               +-------+-------+-------+-------+-------+----------------------
         Total | 100.0 | 100.0 |   N/A |   N/A | 100.0 | 170.0
       Dungeon | 100.0 | 100.0 |   N/A |   N/A | 100.0 | 170.0
               +-------+-------+-------+-------+-------+----------------------

Skill      XL: |  1  2  3  4  5  6  7 |
---------------+----------------------+-----
Short Blades   | 2 3 4 5 |  5.0
Stealth        | 4 5 7 8 |  8.0
Ice Magic      | 1 |  1.2
Dodging        | |  2.1
Spellcasting   | |  1.5
Hexes          | |  2.7

Action                   |  1- 3 |  4- 6 |  7- 9 || total
-------------------------+-------+-------+-------++-------
Melee: Dagger            |    84 |   184 |    54 ||   322
       Rapier            |       |   151 |       ||   151
 Fire: Hunting sling     |       |    15 |     5 ||    20
Throw: Stone             |       |       |     3 ||     3
 Cast: Corona            |    16 |    17 |     6 ||    39
       Ensorcelled Hiber |     3 |    37 |     6 ||    46
       Confuse           |       |       |     2 ||     2
Evoke: Wand              |       |       |     4 ||     4
  Use: Scroll            |       |     8 |     1 ||     9
       Potion            |       |     1 |       ||     1
 Stab: Sleeping          |    13 |    25 |     7 ||    45
       Distracted        |       |     2 |       ||     2
       Invisible         |       |     1 |       ||     1
       Confused          |       |       |     1 ||     1
  Eat: Chunk             |     3 |    15 |     1 ||    19
       Ration            |       |       |     1 ||     1
Armor: Robe              |    15 |    78 |    17 ||   110
Dodge: Dodged            |    56 |   235 |    63 ||   354

Vanquished Creatures
  Duvessa (D:5)
  A scorpion (D:4)
  An orc priest (D:3)
  3 orc wizards
  An iguana (D:4)
  4 worker ants
  4 adders
  3 worms
  2 dart slugs
  7 leopard geckos
  18 orcs
  3 ball pythons
  9 giant cockroaches
  8 goblins
  7 hobgoblins
  16 jackals
  8 kobolds
  3 quokkas
  10 bats
  7 frilled lizards
  A leopard gecko skeleton (D:4)
  A quokka skeleton (D:4)
  4 rats
122 creatures vanquished.
